 Dungeon Crawl Stone Soup version 0.32-a0-779-g362cfcae2a (webtiles) character file.

Game seed: 9930404944207525980

98 pokeman the Magician (level 4, 0/25 HPs)
             Began as a Deep Elf Hedge Wizard on Mar 19, 2024.
             Succumbed to a gnoll's poison
             ... on level 3 of the Dungeon.
             The game lasted 00:03:23 (2565 turns).

pokeman the Magician (Deep Elf Hedge Wizard)        Turns: 2565, Time: 00:03:23

Health: 0/25       AC:  3    Str:  7    XL:     4   Next: 43%
Magic:  8/13       EV: 11    Int: 21    God:
Gold:   104        SH:  0    Dex: 14    Spells: 6/14 levels left

rFire   . . .        g - +1 dagger (venom)
rCold   . . .        (no shield)
rNeg    . . .        b - +0 robe
rPois   .            c - +0 hat
rElec   .            (no cloak)
rCorr   .            (no gloves)
SInv    .            a - +0 pair of boots
Will    .....        (no amulet)
Stlth   ++           (no ring)
HPRegen 0.24/turn    (no ring)
MPRegen 0.13/turn

%: no passive effects
@: brilliant, lethally poisoned (0 -> -7), on blink cooldown
A: no striking features
a: no special abilities


You were on level 3 of the Dungeon.
You visited 1 branch of the dungeon, and saw 3 of its levels.

You collected 104 gold pieces.

Inventory:

Hand Weapons
 g - a +1 dagger of venom (weapon)
Missiles
 h - a throwing net
Armour
 a - a +0 pair of boots (worn)
 b - a +0 robe (worn)
 c - a +0 hat (worn)
Wands
 i - a wand of flame (14)
Scrolls
 e - 2 scrolls of immolation {unknown}
 j - a scroll of teleportation {unknown}
 k - 3 scrolls of identify {unknown}
 l - a scroll of noise {unknown}
Potions
 d - a potion of magic


   Skills:
 - Level 1.0 Fighting
 - Level 1.0 Armour
 + Level 2.7 Dodging
 + Level 2.7 Stealth
 * Level 5.6 Spellcasting
 + Level 2.3 Conjurations
 - Level 1.1 Summonings
 - Level 1.1 Translocations


You had 6 spell levels left.
You knew the following spells:

 Your Spells              Type           Power      Damage    Failure   Level
a - Magic Dart            Conj           92%        1d7       4%          1
b - Mephitic Cloud        Conj/Alch/Air  13%        N/A       22%         3
c - Call Imp              Summ           30%        N/A       10%         2
d - Blink                 Tloc           30%        N/A       10%         2

Your spell library contained the following spells:

 Spells                   Type           Power      Damage    Failure   Level
 Slow                     Hex            32%        N/A       10%         1
 Cigotuvi's Dreadful Rot  Necr/Alch/Air  16%        N/A       16%         2


Dungeon Overview and Level Annotations

Branches:
Dungeon (3/15)

Altars:
Uskayaw


Message History

Aim: a bat (100% to hit)
The magic dart hits the bat.
You kill the bat!
Casting: Magic Dart (safe; 4% risk of failure)
Confirm with . or Enter, or press ? or * to list all spells.
Aiming: Magic Dart (safe; 4% risk of failure)
Press: ? - help, Shift-Dir - straight line, f - gnoll
Aim: a gnoll, wielding a +0 club (100% to hit)
The magic dart hits the gnoll.
The gnoll is heavily wounded.
Casting: Magic Dart (safe; 4% risk of failure)
Confirm with . or Enter, or press ? or * to list all spells.
Aiming: Magic Dart (safe; 4% risk of failure)
Press: ? - help, Shift-Dir - straight line, f/p - gnoll
Aim: a gnoll, wielding a +0 club (heavily wounded, 100% to hit)
The magic dart hits the gnoll but does no damage.
The gnoll is heavily wounded.
Casting: Magic Dart (safe; 4% risk of failure)
Confirm with . or Enter, or press ? or * to list all spells.
Aiming: Magic Dart (safe; 4% risk of failure)
Press: ? - help, Shift-Dir - straight line, f/p - gnoll
Aim: a gnoll, wielding a +0 club (heavily wounded, 100% to hit)
The magic dart hits the gnoll.
The gnoll is severely wounded.
The gnoll hits you with a +0 club.
The gnoll hits you from afar with a +0 halberd of venom!
You are lethally poisoned!
You feel very sick.
Casting: Magic Dart (safe; 4% risk of failure)
Confirm with . or Enter, or press ? or * to list all spells.
You blink.
* * * LOW HITPOINT WARNING * * *
You feel very sick.
A gnoll comes into view. It is wielding a +0 flail.
Unknown command.
It was a potion of brilliance.
You feel clever all of a sudden.
* * * LOW HITPOINT WARNING * * *
You feel very sick.
You die...

#######.#########
#.# ##.# #..#
#.## ########.#
#........#
#........#
#....†@..#
#.......##
#.......#
##.g##### ###§##
#.g.# #g### .†.
...>.


You could see 3 gnolls.

Vanquished Creatures
  4 adders
  A ribbon worm (D:2)
  A dart slug (D:2)
  5 endoplasms
  3 giant cockroaches
  5 goblins
  4 hobgoblins
  5 kobolds
  3 quokkas
  5 ball pythons
  9 bats
  2 frilled lizards (D:1)
  7 rats (D:1)
54 creatures vanquished.

Notes
Turn   | Place    | Note
-------+----------+-------------------------------------------
     0 | D:1      | pokeman the Deep Elf Hedge Wizard began the quest for the
                  | Orb.
     0 | D:1      | Reached XP level 1. HP: 10/10 MP: 7/7
   263 | D:1      | Reached XP level 2. HP: 15/15 MP: 1/9
   661 | D:1      | Reached skill level 5 in Spellcasting
   883 | D:1      | Reached XP level 3. HP: 20/20 MP: 9/11
   887 | D:1      | Learned a level 3 spell: Mephitic Cloud
   890 | D:1      | Learned a level 2 spell: Call Imp
   893 | D:1      | Learned a level 2 spell: Blink
  1541 | D:2      | Found a faded altar of an unknown god.
  1557 | D:2      | Reached skill level 1 in Armour
  1689 | D:2      | Reached skill level 1 in Fighting
  1855 | D:2      | Reached XP level 4. HP: 25/25 MP: 4/13
  1951 | D:2      | Found a hide-covered altar of Uskayaw.
  2565 | D:3      | Succumbed to a gnoll's poison

Illustrated notes

Levels and vault maps discovered:
D:1:      amcnicky_arrival_blooded_trapdoor, layout_loops_ring,
          wad_floor_pattern_untrapped
D:2:      layout_basic, hellmonk_ecumenical_altar_inner_sanctum, basic_altar
D:3:      layout_basic, lemuel_round_altar, serial_glass, glass_columns_b,
          glass_columns_b, nicolae_concentric_dashed_squares_wild,
          chequers_serial_rivers_small_3

Skill      XL: |  1  2  3 |
---------------+----------+-----
Spellcasting   | 5 |  5.6
Armour         | 1 |  1.0
Conjurations   | 2 |  2.3
Fighting       | 1 |  1.0
Dodging        | |  2.7
Stealth        | |  2.7
Summonings     | |  1.1
Translocations | |  1.1

Action                     |  1- 3 |  4- 6 || total
---------------------------+-------+-------++-------
  Melee: Dagger            |     5 |       ||     5
   Cast: Magic Dart        |   124 |    29 ||   153
         Blink             |       |     1 ||     1
    Use: Potion            |       |     1 ||     1
 Armour: Robe              |    17 |     3 ||    20
  Dodge: Dodged            |    14 |     3 ||    17

Table legend: (Time is in decaauts)
 A = Elapsed time spent in this place.
 B = Non-inter-level travel time spent in this place.
 C = Inter-level travel time spent in this place.
 D = Time resting spent in this place.
 E = Time spent auto-exploring this place.
 F = Levels seen in this place.
 G = Mean time per level.
                   A        B        C        D        E       F      G
               +--------+--------+--------+--------+--------+-----+--------+
         Total |   2564 |   2526 |     38 |      0 |   2254 |   3 |  854.7 |
       Dungeon |   2564 |   2526 |     38 |      0 |   2254 |   3 |  854.7 |
               +--------+--------+--------+--------+--------+-----+--------+

Top non-repeatable levels by time:
     D:1: 1414 daAuts
     D:2: 1054 daAuts
     D:3: 94 daAuts
